[Event "Team 45 45 League T45"]
[Site "Internet Chess Club"]
[Date "2010.06.07"]
[Round "5"]
[White "CheeryCherry"]
[Black "gerailen0075"]
[Result "0-1"]
[WhiteElo "1676"]
[BlackElo "1815"]
[Opening "French: Burn variation"]
[ECO "C11"]
[Time "19:00:23"]
[TimeControl "2700+45"]

1. e4 e6 2. d4 d5 3. Nc3 Nf6 4. Bg5 dxe4 5. Nxe4 Be7 6. Bxf6 gxf6 7. Nf3 a6 8.
h4 b5 9. g4 Bb7 10. Qe2 Kf8 11. Bg2 Bd5 12. b3 b4 13. Qe3 h5 14. gxh5 Nd7 15. c4
bxc3 16. Nxc3 c6 17. Nxd5 cxd5 18. h6 Qa5+ 19. Nd2 Rc8 20. O-O f5 21. Nf3 Bf6
22. a4 Ke7 23. Rfc1 Rcg8 24. Kh2 Rg4 25. Bh3 Re4 26. Qd3 Qb6 27. a5 Qd6+ 28. Kh1
Bxh4 29. Qd2 Qf4 30. Qb4+ Kf6 31. Nxh4 Qxh4 32. Rc3 Rxh6 33. Kg2 Rg6+ {White
forfeits on time} 0-1

[Event "Team 45 45 League T45"]
[Site "Internet Chess Club"]
[Date "2010.06.06"]
[Round "5"]
[White "oldprez"]
[Black "blizzard13"]
[Result "0-1"]
[WhiteElo "1296"]
[BlackElo "1455"]
[Opening "French: exchange variation"]
[ECO "C01"]
[Time "10:01:22"]
[TimeControl "2700+45"]

1. e4 e6 2. d4 d5 3. exd5 exd5 4. Nc3 Nf6 5. Nf3 Bg4 6. Be2 Be7 7. Qd3 Nc6 8.
Qb5 Rb8 9. Ne5 Bxe2 10. Nxe2 Qd6 11. Bf4 Qb4+ 12. Nc3 O-O 13. Nxc6 bxc6 14. Qxb4
Rxb4 15. Bxc7 Rxd4 16. Rd1 Bc5 17. Rxd4 Bxd4 18. f3 Re8+ 19. Kd2 g6 20. Kd3 Bb6
21. Bxb6 axb6 22. Ne2 c5 23. c3 g5 24. b4 Nd7 25. Ng3 Ne5+ 26. Kd2 Nc4+ 27. Kc1
Re3 28. Kc2 Re8 29. Kd3 Nd6 30. bxc5 bxc5 31. Rb1 Ra8 32. Rb6 Nc4 33. Rc6 Ne5+
{White resigns} 0-1

[Event "Team 45 45 League T45"]
[Site "Internet Chess Club"]
[Date "2010.06.05"]
[Round "5"]
[White "Geeloo"]
[Black "ElCreyente"]
[Result "1/2-1/2"]
[WhiteElo "2116"]
[BlackElo "2284"]
[Opening "Sicilian: Najdorf, Byrne (English) attack"]
[ECO "B90"]
[Time "04:00:17"]
[TimeControl "2700+45"]

1. e4 c5 2. Nf3 d6 3. d4 cxd4 4. Nxd4 Nf6 5. Nc3 a6 6. Be3 e5 7. Nb3 Be6 8. f3
Be7 9. Qd2 O-O 10. O-O-O Nbd7 11. g4 b5 12. g5 b4 13. Ne2 Ne8 14. f4 a5 15. f5
a4 16. fxe6 axb3 17. cxb3 fxe6 18. Bh3 Nc7 19. Kb1 Ra6 20. Nc1 d5 21. Qg2 Nc5
22. Bxc5 Bxc5 23. Qg3 Bd4 24. Rhf1 g6 25. Rxf8+ Kxf8 26. Rf1+ Kg7 {Game drawn by
mutual agreement} 1/2-1/2

[Event "Team 45 45 League T45"]
[Site "Internet Chess Club"]
[Date "2010.06.06"]
[Round "5"]
[White "Paulkov"]
[Black "Boromir"]
[Result "1-0"]
[WhiteElo "2242"]
[BlackElo "1987"]
[Opening "Sicilian: Sveshnikov variation"]
[ECO "B33"]
[Time "16:02:10"]
[TimeControl "2700+45"]

1. e4 c5 2. Nf3 Nc6 3. d4 cxd4 4. Nxd4 Nf6 5. Nc3 e5 6. Ndb5 d6 7. Bg5 a6 8. Na3
b5 9. Bxf6 gxf6 10. Nd5 f5 11. Bd3 Be6 12. c3 f4 13. Nc2 Ne7 14. Nf6# {Black
checkmated} 1-0

[Event "Team 45 45 League T45"]
[Site "Internet Chess Club"]
[Date "2010.06.03"]
[Round "5"]
[White "spunni"]
[Black "az2112"]
[Result "1-0"]
[WhiteElo "1916"]
[BlackElo "1755"]
[Opening "Sicilian: Najdorf, 7.f4"]
[ECO "B96"]
[Time "10:36:23"]
[TimeControl "2700+45"]

1. e4 c5 2. Nf3 d6 3. d4 cxd4 4. Nxd4 Nf6 5. Nc3 a6 6. Bg5 e6 7. f4 Qc7 8. Bxf6
gxf6 9. Qd2 Nc6 10. O-O-O Bd7 11. Bc4 Nxd4 12. Qxd4 Qc5 13. Bb3 Qxd4 14. Rxd4 e5
15. Rd3 Be6 16. f5 Bxb3 17. axb3 O-O-O 18. Nd5 h5 19. Nxf6 h4 20. Rhd1 Be7 21.
Nd5 Bf8 22. Rc3+ Kb8 23. Rc7 Rg8 24. Rg1 Rg4 25. Rxf7 Rxe4 26. g4 h3 27. Rg3
Bh6+ 28. g5 Rf8 29. Rxf8+ Bxf8 30. Rxh3 {Black resigns} 1-0

[Event "Team 45 45 League T45"]
[Site "Internet Chess Club"]
[Date "2010.06.03"]
[Round "5"]
[White "Magagna"]
[Black "tsia68"]
[Result "0-1"]
[WhiteElo "1846"]
[BlackElo "1878"]
[Opening "King's Indian: Four pawns attack, 6.Be2"]
[ECO "E77"]
[Time "12:00:29"]
[TimeControl "2700+45"]

1. d4 Nf6 2. c4 g6 3. Nc3 Bg7 4. e4 d6 5. Be2 O-O 6. f4 c5 7. d5 e6 8. h3 exd5
9. cxd5 Re8 10. Qc2 Nxe4 11. Nxe4 Bf5 12. Qb3 Rxe4 13. Bd2 Re7 14. O-O-O Na6 15.
a3 c4 16. Qa2 Nc5 17. Bxc4 Rc8 18. Bc3 Ne4 19. g4 Nxc3 20. bxc3 Be4 21. Rh2 Rec7
22. Bb3 Rxc3+ 23. Kd2 Qb6 {White resigns} 0-1

[Event "Team 45 45 League T45"]
[Site "Internet Chess Club"]
[Date "2010.06.04"]
[Round "5"]
[White "Campagnolo"]
[Black "jefferyx"]
[Result "1-0"]
[WhiteElo "2052"]
[BlackElo "2068"]
[Opening "English: symmetrical variation"]
[ECO "A35"]
[Time "21:05:06"]
[TimeControl "2700+45"]

1. c4 c5 2. Nc3 Nc6 3. Nf3 g6 4. d4 cxd4 5. Nxd4 Bg7 6. Nc2 Nf6 7. e4 O-O 8. Be2
d6 9. O-O Be6 10. Be3 Rc8 11. Rc1 a6 12. f3 Na5 13. b3 b5 14. Nd5 bxc4 15. Bb6
Qd7 16. Bxa5 Bxd5 17. exd5 cxb3 18. axb3 Rc5 19. Bb6 Rxd5 20. Qe1 Rb8 21. Be3
Ne8 22. Bc4 Re5 23. f4 Re4 24. Bd5 Rxe3 25. Qxe3 Nc7 26. Bf3 Ne6 27. Bg4 f5 28.
Be2 Rc8 29. Kh1 Rc3 30. Qd2 Nc5 31. Nd4 Rxc1 32. Rxc1 h5 33. Bf3 Kh7 34. Re1 e5
35. Nc2 e4 36. Be2 Qc6 37. Bc4 Qb6 38. Qd5 Nd7 39. Ne3 Nf6 40. Qd2 Bh6 41. g3 h4
42. Kg2 Qc5 43. Ra1 g5 44. Ra5 Qc7 45. Rxf5 gxf4 46. gxf4 Qg7+ 47. Kf1 {Black
resigns} 1-0

[Event "Team 45 45 League T45"]
[Site "Internet Chess Club"]
[Date "2010.06.03"]
[Round "5"]
[White "fishhead"]
[Black "nosalt"]
[Result "1/2-1/2"]
[WhiteElo "2187"]
[BlackElo "2056"]
[Opening "Sicilian: Pelikan, Chelyabinsk variation"]
[ECO "B33"]
[Time "13:02:42"]
[TimeControl "2700+45"]

1. e4 c5 2. Nf3 Nc6 3. d4 cxd4 4. Nxd4 Nf6 5. Nc3 e6 6. Bf4 d6 7. Ndb5 e5 8. Bg5
a6 9. Na3 b5 10. Nd5 Be7 11. Nxe7 Nxe7 12. Bxf6 gxf6 13. c4 Qa5+ 14. Qd2 Qxd2+
15. Kxd2 b4 16. Nc2 a5 17. Be2 Bb7 18. Bf3 f5 19. Rhe1 Rg8 20. g3 O-O-O 21. Ke3
fxe4 22. Bxe4 Bxe4 23. Kxe4 Rg4+ 24. Kd3 d5 25. f4 Nc6 26. Ne3 e4+ 27. Ke2 Rg6
28. cxd5 Nd4+ 29. Kf2 Rh6 30. Ng4 Rhd6 31. Rxe4 Rxd5 32. Rc1+ Kb8 33. Ne5 f6 34.
Rxd4 fxe5 35. Rxd5 Rxd5 36. Ke3 exf4+ 37. gxf4 Kb7 38. Rc2 Kb6 39. Ke4 Rd1 40.
Rf2 Re1+ 41. Kd4 Kc6 42. f5 Kd7 43. f6 Ke8 44. f7+ Kf8 45. Kc4 Re5 46. Kb3 Rh5
47. Ka4 Re5 48. Kb3 Rh5 49. a3 bxa3 50. Kxa3 Rh4 51. b3 Rh5 52. Ka4 Re5 53. Rf4
Rh5 54. h4 Re5 55. Rf6 Rh5 56. Ra6 Kxf7 57. Ra7+ Ke6 58. Ra6+ Kd7 59. Rxa5 Rxh4+
60. b4 Kc6 61. Ra6+ Kb7 62. Ka5 Rxb4 63. Rh6 {Game drawn by mutual agreement}
1/2-1/2

[Event "Team 45 45 League T45"]
[Site "Internet Chess Club"]
[Date "2010.06.05"]
[Round "5"]
[White "cesaralexander"]
[Black "chessbum"]
[Result "1-0"]
[WhiteElo "1965"]
[BlackElo "1869"]
[Opening "QGD Slav: 4.Nc3"]
[ECO "D15"]
[Time "22:08:07"]
[TimeControl "2700+45"]

1. d4 d5 2. c4 c6 3. Nf3 Nf6 4. Nc3 a6 5. c5 Bf5 6. Qb3 Qc7 7. g3 Nbd7 8. Bf4
Qc8 9. Bg2 e6 10. O-O h6 11. Rfe1 g5 12. Be5 Nxe5 13. Nxe5 Nd7 14. Nf3 Bg7 15.
e3 O-O 16. Na4 Qc7 17. Rac1 Rfe8 18. Qd1 e5 19. dxe5 Nxe5 20. Nxe5 Rxe5 21. Nc3
Rae8 22. Ne2 Qd7 23. Nd4 Bg6 24. b4 f5 25. Qd2 Qe7 26. Nc2 Qf7 27. a4 f4 28.
exf4 gxf4 29. Rxe5 Rxe5 30. Re1 Rxe1+ 31. Nxe1 fxg3 32. hxg3 Qe7 33. Nf3 Qf6 34.
Nh4 Bh7 35. Qe2 Qe5 36. Qg4 Qe8 37. b5 Qe1+ 38. Kh2 Qe8 39. Nf5 Bxf5 40. Qxf5
Qf8 41. Qe6+ Qf7 42. Qc8+ Kh7 43. bxc6 bxc6 44. Qxc6 d4 45. Be4+ Kh8 46. Kg2 Qf6
47. Qa8+ Bf8 48. Qa7 Qe7 49. Qxe7 Bxe7 50. c6 Bd8 51. Bd3 a5 52. Kf3 Kg7 53. Ke4
Bb6 54. Kd5 Kf6 55. Kd6 Kg5 56. f3 h5 57. c7 Bxc7+ 58. Kxc7 h4 59. gxh4+ Kxh4
60. Kb6 Kg3 61. Kxa5 Kxf3 62. Kb6 Ke3 63. Bb5 {Black resigns} 1-0

[Event "Team 45 45 League T45"]
[Site "Internet Chess Club"]
[Date "2010.06.05"]
[Round "5"]
[White "froggoathorse"]
[Black "Budzo"]
[Result "1-0"]
[WhiteElo "1720"]
[BlackElo "1807"]
[Opening "French: exchange variation"]
[ECO "C01"]
[Time "10:30:08"]
[TimeControl "2700+45"]

1. e4 e6 2. d4 d5 3. exd5 exd5 4. Nf3 Bd6 5. Bd3 Ne7 6. c3 Bf5 7. Bxf5 Nxf5 8.
Qd3 Ne7 9. Qb5+ Nd7 10. Qxb7 O-O 11. O-O h6 12. Nbd2 Re8 13. c4 c6 14. c5 Bc7
15. Nb3 a5 16. a4 Nf6 17. Nbd2 Qd7 18. Qb3 Rab8 19. Qd3 Ng6 20. b3 Nf4 21. Qc2
Ne4 22. Nxe4 dxe4 23. Ne5 Bxe5 24. dxe5 Nd3 25. Rd1 Rxe5 26. Bf4 Rbe8 27. Bxe5
Rxe5 28. Qc3 Qf5 29. Rd2 Rd5 30. Qxa5 e3 31. fxe3 Rxc5 32. Qd8+ Kh7 33. Qxd3
{Black resigns} 1-0

[Event "Team 45 45 League T45"]
[Site "Internet Chess Club"]
[Date "2010.06.04"]
[Round "5"]
[White "SCUGrad"]
[Black "jrichman38"]
[Result "1-0"]
[WhiteElo "1496"]
[BlackElo "1593"]
[Opening "Caro-Kann: Panov-Botvinnik attack"]
[ECO "B13"]
[Time "07:51:57"]
[TimeControl "2700+45"]

1. e4 c6 2. d4 d5 3. exd5 cxd5 4. c4 Nf6 5. Nc3 Nc6 6. Nf3 Be6 7. c5 Bg4 8. Be3
g6 9. Bb5 Bg7 10. h3 Bxf3 11. Qxf3 e6 12. O-O O-O 13. Rfe1 Qd7 14. Rad1 h6 15.
Bxh6 Bxh6 16. Qxf6 Bg7 17. Qf4 Qd8 18. a3 Qa5 19. Re3 Ne7 20. Bd3 b6 21. Qc7
Rfe8 22. Bb5 Rac8 23. Qf4 Rf8 24. Bd7 Nf5 25. Bxc8 Nxe3 26. fxe3 Rxc8 27. Rf1
Rf8 28. c6 Qa6 29. c7 Qc4 30. Qd6 Bh6 31. Rf3 Bg5 32. Qd7 f6 33. Qxe6+ Kg7 34.
Qd7+ Kh6 35. h4 Bxh4 36. Rh3 g5 37. Qe7 Rc8 38. Qxf6+ Kh5 39. g4+ {Black
resigns} 1-0

[Event "Team 45 45 League T45"]
[Site "Internet Chess Club"]
[Date "2010.06.04"]
[Round "5"]
[White "scottrugby"]
[Black "Mark-SF"]
[Result "0-1"]
[WhiteElo "1418"]
[BlackElo "1494"]
[Opening "Scotch gambit"]
[ECO "C44"]
[Time "12:31:08"]
[TimeControl "2700+45"]

1. e4 e5 2. Nf3 Nc6 3. d4 exd4 4. Bc4 Bc5 5. c3 dxc3 6. Bxf7+ Kxf7 7. Qd5+ Ke8
8. Qxc5 d6 9. Qxc3 Qe7 10. O-O Bg4 11. Bg5 Nf6 12. Bxf6 gxf6 13. Nbd2 Kd7 14. h3
Be6 15. Nd4 Nxd4 16. Qxd4 Rhg8 17. Kh2 a6 18. a4 c5 19. Qc3 b6 20. Nc4 Rab8 21.
a5 Bxc4 22. Qxc4 b5 23. Qd5 Qe5+ 24. Qxe5 fxe5 25. Rfd1 b4 26. b3 Rgc8 27. Rd5
c4 28. bxc4 Rxc4 29. Rad1 Rc6 30. Rxe5 b3 31. Red5 b2 32. Rb1 Rc1 33. Rd1 Rxd1
34. Rxd1 b1=Q 35. Rxb1 Rxb1 36. f4 Rb5 37. Kg3 Rxa5 38. Kf3 Rc5 39. Ke3 a5 40.
g4 a4 41. f5 Ke7 42. Kd4 a3 43. g5 a2 {White resigns} 0-1

[Event "Team 45 45 League T45"]
[Site "Internet Chess Club"]
[Date "2010.06.07"]
[Round "5"]
[White "AlPearson"]
[Black "Rapidcitychess"]
[Result "1-0"]
[WhiteElo "1482"]
[BlackElo "1402"]
[Opening "English, 1...Nf6 (Anglo-Indian defense)"]
[ECO "A15"]
[Time "10:00:39"]
[TimeControl "2700+45"]

1. c4 Nf6 2. g3 e5 3. Bg2 d5 4. cxd5 Nxd5 5. Nc3 Be6 6. Qb3 Nb6 7. Qb5+ c6 8.
Qxe5 Bd6 9. Qxg7 Kd7 10. d3 Na4 {Black resigns} 1-0

[Event "Team 45 45 League T45"]
[Site "Internet Chess Club"]
[Date "2010.06.05"]
[Round "5"]
[White "Aquaman"]
[Black "AtomicDog"]
[Result "1/2-1/2"]
[WhiteElo "1259"]
[BlackElo "1578"]
[Opening "Réti: King's Indian attack"]
[ECO "A05"]
[Time "10:35:19"]
[TimeControl "2700+45"]

1. Nf3 Nf6 2. g3 g6 3. Bg2 Bg7 4. O-O O-O 5. d3 d6 6. e4 c5 7. Nbd2 Nc6 8. Re1
Ne5 9. Nxe5 dxe5 10. Nf3 b5 11. Nxe5 Bb7 12. Nf3 Ne8 13. Rb1 Nc7 14. b3 e5 15.
Be3 Ne6 16. Qc1 Rc8 17. Bh6 Qf6 18. Bxg7 Qxg7 19. Qb2 f6 20. Rbd1 Bc6 21. Bh3
Rce8 22. Qa3 Qf7 23. Bxe6 Qxe6 24. Qxc5 Ra8 25. Qe3 Rf7 26. d4 exd4 27. Nxd4 Qe8
28. Nxc6 Qxc6 29. Rc1 Re7 30. f3 Rae8 31. Qd3 Rd7 32. Qf1 Red8 33. Re2 Qc3 34.
h3 Rd2 35. Rxd2 Qxd2 36. h4 Qe3+ 37. Kh1 Rd2 38. Re1 Qd4 39. Rc1 Rf2 40. Qd1 Rd2
41. Qg1 Qc3 42. Qf1 Qd4 43. Qg1 Qd7 44. Qf1 Qd4 45. Qg1 {Game drawn by
repetition} 1/2-1/2

[Event "Team 45 45 League T45"]
[Site "Internet Chess Club"]
[Date "2010.06.05"]
[Round "5"]
[White "BishopMike"]
[Black "radiohead"]
[Result "1-0"]
[WhiteElo "1481"]
[BlackElo "1350"]
[Opening "Sicilian: Smith-Morra gambit"]
[ECO "B21"]
[Time "09:00:45"]
[TimeControl "2700+45"]

1. e4 c5 2. d4 cxd4 3. c3 dxc3 4. Nxc3 e5 5. Nf3 Nc6 6. Bc4 h6 7. O-O Nf6 8. Re1
Bc5 9. Be3 Bxe3 10. Rxe3 O-O 11. Qd6 Re8 12. h3 Qe7 13. Qxe7 Rxe7 14. Nb5 Ne8
15. Rd1 b6 16. Nh4 d6 17. Nxd6 Nxd6 18. Rxd6 Nd4 19. Rd8+ Kh7 20. Nf5 Nxf5 21.
exf5 f6 22. Bg8+ Kh8 23. Bd5+ Kh7 24. Bxa8 Bxf5 25. Be4 Bxe4 26. Rxe4 Rc7 27.
Re2 {Black resigns} 1-0

[Event "Team 45 45 League T45"]
[Site "Internet Chess Club"]
[Date "2010.06.03"]
[Round "5"]
[White "oldprez"]
[Black "Visin"]
[Result "1/2-1/2"]
[WhiteElo "1281"]
[BlackElo "1352"]
[Opening "King's pawn game"]
[ECO "C50"]
[Time "21:00:20"]
[TimeControl "2700+45"]

1. e4 e5 2. Nf3 Nc6 3. Bc4 h6 4. d4 exd4 5. Nxd4 Nxd4 6. Qxd4 d6 7. O-O c5 8.
Qd3 Nf6 9. Nc3 Be7 10. Re1 O-O 11. Nd5 Nxd5 12. Bxd5 Rb8 13. Qb3 b6 14. Bd2 Bb7
15. c4 Bf6 16. Bc3 Re8 17. Qa3 a5 18. Re3 Bxd5 19. exd5 Rxe3 20. fxe3 Bg5 21.
Bd2 Qd7 22. Qd3 Re8 23. Rf1 Qe7 24. Rf3 Qe5 25. Qc3 Qxc3 26. bxc3 Re4 27. Rf1
Rxc4 28. Rb1 Re4 29. Kf2 Bd8 30. Kf3 Re7 31. e4 Rb7 32. Bf4 Bf6 33. Bxd6 Bxc3
34. Kf4 f6 35. Kf5 Kf7 36. Rb3 Bd4 37. h3 b5 38. a4 c4 39. Rxb5 Rxb5 40. axb5 c3
41. Ba3 g6+ 42. Kf4 a4 43. Kf3 c2 44. Ke2 Ke8 45. Kd2 Kd7 46. Kxc2 f5 47. Kd3
Be5 48. exf5 gxf5 49. Kc4 Bd6 50. b6 Bxa3 51. Kb5 Bd6 52. Kxa4 Bb8 53. Kb5 Kd6
54. Kc4 f4 55. Kd4 h5 56. Ke4 Kc5 57. b7 Kb6 58. Kf5 Kxb7 59. Kg5 Kb6 60. Kxh5
Kc5 61. Kg6 Kxd5 62. h4 Ke4 63. h5 Be5 64. h6 Ke3 65. Kf5 Ba1 66. Kg4 Bb2 67. h7
Ke4 68. Kh3 Kf5 69. Kh4 Be5 70. Kh5 Ke4 71. Kg5 Ke3 72. Kf5 Bd4 73. Kg4 Bh8 74.
Kf5 Bg7 75. Kg6 Bb2 76. Kf5 {Game drawn by mutual agreement} 1/2-1/2

[Event "Team 45 45 League T45"]
[Site "Internet Chess Club"]
[Date "2010.06.05"]
[Round "5"]
[White "katabatico"]
[Black "Muravey"]
[Result "0-1"]
[WhiteElo "1337"]
[BlackElo "1443"]
[Opening "Philidor: exchange variation"]
[ECO "C41"]
[Time "15:02:45"]
[TimeControl "2700+45"]

1. e4 e5 2. Nf3 d6 3. d4 exd4 4. Nxd4 Nf6 5. Nc3 Be7 6. Be2 O-O 7. O-O Re8 8. f4
Bf8 9. Bd3 b6 10. Re1 Bb7 11. Qf3 a6 12. Qg3 Nbd7 13. Nb3 a5 14. Nd2 Qe7 15. Nd5
Nxd5 16. exd5 Qxe1+ 17. Qxe1 Rxe1+ 18. Nf1 Bxd5 19. c4 Bc6 20. Kf2 Rd1 21. Ke2
Rxd3 22. Kxd3 Bxg2 23. Ne3 Nc5+ 24. Ke2 Be4 25. Bd2 Re8 {White resigns} 0-1

[Event "Team 45 45 League T45"]
[Site "Internet Chess Club"]
[Date "2010.06.04"]
[Round "5"]
[White "juniorVishy"]
[Black "ElmerHo"]
[Result "0-1"]
[WhiteElo "1422"]
[BlackElo "1545"]
[Opening "QGD Slav: 4.Nc3"]
[ECO "D15"]
[Time "20:00:38"]
[TimeControl "2700+45"]

1. d4 d5 2. c4 c6 3. Nc3 Nf6 4. Nf3 a6 5. Bf4 dxc4 6. e4 b5 7. Qc2 Bb7 8. a4 e6
9. axb5 cxb5 10. e5 Nd5 11. Nxd5 Bxd5 12. Nd2 Nc6 13. Be3 Bb4 14. f3 Qb6 15.
O-O-O Nxe5 16. Ne4 Nd7 17. Be2 a5 18. Nc3 Bxc3 19. bxc3 b4 20. Kd2 b3 21. Qb2
O-O 22. Ke1 Ra6 23. Kf2 Rfa8 24. Ra1 a4 25. Ra3 Qd6 26. g3 Nb6 27. Bf4 Qd7 28.
Re1 Re8 29. Raa1 f6 30. Be3 Bc6 31. Reb1 Bb5 32. Rd1 Nd5 33. Bc1 Qb7 34. Qd2 Qf7
35. Ba3 Nb6 36. Bb2 Nd7 37. Ba3 Nb6 38. Bb2 Nd5 39. Ba3 Qg6 40. Rdc1 Ra7 41. Bb2
Nb6 42. Ba3 Rd7 43. Bc5 Rb7 44. Ba3 e5 45. dxe5 fxe5 46. Qe3 Nd5 47. Qc5 Nf6 48.
Bxc4+ Bxc4 49. Qxc4+ Kh8 50. Bb2 Rd8 51. Rd1 Rxd1 52. Rxd1 Qc2+ 53. Ke1 Rb8 54.
Qe2 Qxe2+ 55. Kxe2 Kg8 56. Ra1 Ra8 57. Ke3 Kf7 58. c4 Ke6 59. h3 Nd7 60. Ba3 Nb6
61. Rc1 Rc8 62. c5 Nd5+ 63. Ke4 Nc7 64. Bb2 Na6 65. Bxe5 Rxc5 66. Bb2 Rxc1 67.
Bxc1 Nb4 68. Kd4 Nc2+ 69. Kc3 Kd5 70. Kd3 Ne1+ 71. Ke2 Nc2 72. Kd3 Kc5 73. Bd2
Nb4+ 74. Kc3 Nd5+ 75. Kb2 Kb5 76. f4 Nb6 77. Bc3 Nc4+ 78. Kc1 g6 79. g4 Kc5 80.
f5 gxf5 81. gxf5 Kd5 82. f6 Ke6 83. Kd1 a3 84. Kc1 a2 85. f7 Kxf7 86. Bd4 h5 87.
Bh8 Kg6 88. Bd4 Kf5 89. h4 Kg4 90. Bf6 b2+ 91. Bxb2 Nxb2 92. Kxb2 Kxh4 93. Kxa2
Kg3 94. Kb2 Kg2 95. Kc2 h4 96. Kd2 h3 97. Ke2 h2 98. Ke3 h1=Q {White resigns}
0-1

[Event "Team 45 45 League T45"]
[Site "Internet Chess Club"]
[Date "2010.06.07"]
[Round "5"]
[White "g8wrb"]
[Black "ryan2chess"]
[Result "1/2-1/2"]
[WhiteElo "1504"]
[BlackElo "1556"]
[Opening "Nimzo-Indian: 4.e3"]
[ECO "E40"]
[Time "15:00:22"]
[TimeControl "2700+45"]

1. d4 Nf6 2. c4 e6 3. Nc3 Bb4 4. e3 d5 5. a3 Bxc3+ 6. bxc3 c5 7. cxd5 exd5 8.
Nf3 O-O 9. Bd3 Nc6 10. O-O Re8 11. Qc2 c4 12. Bf5 Bxf5 13. Qxf5 Ne4 14. Bb2 Qe7
15. Qxd5 Qe6 16. Qxe6 fxe6 17. a4 Rad8 18. Ba3 e5 19. Rfc1 Na5 20. Rab1 Nb3 21.
Rc2 exd4 22. cxd4 Nd6 23. Bxd6 Rxd6 24. Rxc4 Na5 25. Rc5 b6 26. Rc7 Ra8 27. Rbc1
h6 28. Rc8+ Rxc8 29. Rxc8+ Kh7 30. Ne5 b5 31. axb5 Rb6 32. Kf1 Rxb5 33. Ke2 Rd5
34. Kd3 Nb7 35. Kc4 Rd6 36. Rc7 Rb6 37. Nd7 Rb1 38. Nc5 Nxc5 39. Rxc5 Kg6 40.
Ra5 Rb2 41. Rxa7 Rxf2 42. d5 Rxg2 43. d6 Rxh2 44. e4 Rd2 45. Kc5 h5 46. Kc6 Kf6
47. d7 Ke7 48. Ra5 Rxd7 49. Rxh5 Rd1 50. Rg5 Kf6 51. Rg4 Re1 52. Kd5 g6 53. Kd6
Rd1+ 54. Kc5 g5 55. Kc4 Rh1 56. Kd5 Rh4 57. e5+ Kf5 58. Rxh4 gxh4 59. e6 h3 60.
e7 h2 61. e8=Q h1=Q+ 62. Kd6 Qh6+ 63. Kc5 Qc1+ 64. Kd4 Qd2+ 65. Kc5 Qc3+ 66. Kd5
Qd3+ 67. Kc5 Qa3+ {Game drawn by mutual agreement} 1/2-1/2

[Event "Team 45 45 League T45"]
[Site "Internet Chess Club"]
[Date "2010.06.06"]
[Round "5"]
[White "JimGaming"]
[Black "tyler66"]
[Result "0-1"]
[WhiteElo "1279"]
[BlackElo "1267"]
[Opening "Scotch opening"]
[ECO "C44"]
[Time "14:00:19"]
[TimeControl "2700+45"]

1. e4 e5 2. Nf3 Nc6 3. d4 d6 4. d5 Nce7 5. Bg5 h6 6. Bh4 g5 7. Nxg5 hxg5 8. Bxg5
f6 9. Be3 f5 10. Bg5 f4 11. f3 b6 12. Bb5+ Bd7 13. c4 Bxb5 14. cxb5 Qd7 15. Nc3
O-O-O 16. Qa4 Kb8 17. O-O-O Bh6 18. Bh4 Bg7 19. Bf2 Bf6 20. Qa6 Qc8 21. Qa3 Qb7
22. Na4 a5 23. Kb1 Bh4 24. g3 Bg5 25. h4 fxg3 26. Bxg3 Bf6 27. h5 Bg5 28. Nc3
Nf6 29. Ne2 Rxh5 30. Rxh5 Nxh5 31. Bf2 Nf4 32. Nxf4 Bxf4 33. Rh1 Rg8 34. Be3 Ng6
35. Bxf4 Nxf4 36. Qe3 Qc8 37. a4 Kb7 38. b4 Qa8 39. Qc3 axb4 40. Qc6+ Kb8 41.
Qxa8+ Kxa8 42. Kc2 Kb7 43. Kb3 Rg3 44. Rf1 Ng2 45. Kxb4 Rg8 46. a5 bxa5+ 47.
Kxa5 Ra8+ 48. Kb4 Rb8 49. Rc1 Nf4 50. b6 Nd3+ 51. Kb5 Nxc1 52. bxc7 Kxc7+ 53.
Kc4 Kb6 54. Kc3 Kc5 55. Kd2 Ra8 56. Kxc1 Ra2 57. Kd1 Kd4 58. Ke1 Ke3 59. Kf1
Kxf3 60. Ke1 Rh2 61. Kd1 Ke3 62. Ke1 Rh1# {White checkmated} 0-1

[Event "Team 45 45 League T45"]
[Site "Internet Chess Club"]
[Date "2010.06.07"]
[Round "5"]
[White "tryanything"]
[Black "alaskauk"]
[Result "1/2-1/2"]
[WhiteElo "1549"]
[BlackElo "1524"]
[Opening "Old Benoni defense"]
[ECO "A43"]
[Time "04:30:44"]
[TimeControl "2700+45"]

1. d4 c5 2. dxc5 g6 3. Nc3 Bg7 4. Bd2 Nc6 5. e3 Nf6 6. g3 d6 7. cxd6 exd6 8. Bg2
O-O 9. Nge2 Bg4 10. O-O Qd7 11. Qc1 Ne5 12. Nd4 Bh3 13. Nce2 Bxg2 14. Kxg2 h5
15. h4 Nh7 16. e4 Nc6 17. Nxc6 bxc6 18. Bh6 Rfe8 19. Nc3 Bf6 20. f3 d5 21. exd5
Bxc3 22. bxc3 Re2+ 23. Rf2 Rxf2+ 24. Kxf2 Re8 25. Qf1 Qxd5 26. Qd3 Qe6 27. Qe3
Qd7 28. Qd4 Qxd4+ 29. cxd4 Nf6 30. a4 Nd5 31. Bd2 Rb8 32. Ra2 a6 33. Ke2 Rb1 34.
c4 Nb6 35. c5 Nd5 36. Kd3 Rd1 37. Ke4 f6 38. Rb2 Kf7 39. g4 hxg4 40. fxg4 Rh1
41. Rb7+ Ke6 42. Ra7 Rxh4 43. Rxa6 Rxg4+ 44. Kf3 Rxd4 45. Rxc6+ Kd7 46. Rd6+ Kc7
47. Ba5+ Kc8 48. Bb6 Kb7 49. a5 Rf4+ 50. Kg3 Rf5 51. c6+ Ka6 52. c7 Ne7 53. Re6
Nc8 54. Kg4 {Game drawn by mutual agreement} 1/2-1/2

[Event "Team 45 45 League T45"]
[Site "Internet Chess Club"]
[Date "2010.06.07"]
[Round "5"]
[White "Tjet"]
[Black "smsxman"]
[Result "1-0"]
[WhiteElo "1558"]
[BlackElo "1456"]
[Opening "King's Indian defense, 3.Nc3"]
[ECO "E90"]
[Time "13:00:48"]
[TimeControl "2700+45"]

1. c4 Nf6 2. d4 g6 3. Nc3 Bg7 4. Nf3 O-O 5. e4 d6 6. Bd3 Nc6 7. O-O Bg4 8. Be3
Nb4 9. a3 Nxd3 10. Qxd3 Bxf3 11. gxf3 e5 12. dxe5 dxe5 13. Qxd8 Raxd8 14. Rfd1
b6 15. Rxd8 Rxd8 16. Rd1 Rc8 17. Nb5 a6 18. Na7 Re8 19. Nc6 Nh5 20. Rd7 Nf4 21.
Rxc7 Bf8 22. Bxb6 Re6 23. Be3 Bd6 24. Rc8+ Kg7 25. Bxf4 exf4 26. Nb4 Be5 27. Nd3
Bd6 28. c5 Be5 29. Nxe5 Rxe5 30. b4 Kf6 31. Rc6+ Re6 32. Rb6 Ke7 33. Rxe6+ fxe6
34. a4 Kd7 35. b5 a5 36. b6 Kc6 37. Kf1 e5 38. Ke2 h5 39. h3 h4 40. Kd3 g5 41.
Kc4 g4 42. fxg4 {Black resigns} 1-0

[Event "Team 45 45 League T45"]
[Site "Internet Chess Club"]
[Date "2010.06.03"]
[Round "5"]
[White "ars-felidae"]
[Black "otib2006"]
[Result "1-0"]
[WhiteElo "1318"]
[BlackElo "1159"]
[Opening "Sicilian"]
[ECO "B50"]
[Time "08:09:07"]
[TimeControl "2700+45"]

1. e4 c5 2. Nf3 d6 3. Nc3 e6 4. Bc4 Be7 5. d3 Nf6 6. e5 dxe5 7. Nxe5 O-O 8. Bg5
a6 9. a4 Bd6 10. d4 Qc7 11. Bxf6 gxf6 12. Ng4 Kg7 13. Ne4 Rh8 14. Nexf6 h5 15.
Nh6 Rxh6 16. Ne8+ Kf8 17. Nxc7 Bxc7 18. dxc5 Nc6 19. Be2 Ba5+ 20. c3 b6 21. b4
Nxb4 22. cxb4 Bxb4+ 23. Kf1 Bxc5 24. Qd8+ Kg7 25. Qg5+ Rg6 26. Qxh5 Bb7 27. Bf3
Rh8 28. Qe5+ f6 29. Qc7+ Kh6 30. Bxb7 Rhg8 31. g3 a5 32. Kg2 f5 33. Bc8 R6g7 34.
Qf4+ Rg5 35. h4 Kg6 36. Qxg5+ Kf7 37. Bxe6+ Kxe6 38. Qxg8+ Ke5 39. Rhe1+ Kd4 40.
Rad1+ Kc3 41. Qg7+ Kb4 42. Qb2+ Kc4 43. Qc2+ Kb4 44. Rb1+ Ka3 45. Qb2+ Kxa4 46.
Qb5+ Ka3 47. Qb3# {Black checkmated} 1-0

[Event "Team 45 45 League T45"]
[Site "Internet Chess Club"]
[Date "2010.06.06"]
[Round "5"]
[White "dpmdpm"]
[Black "DrOMM"]
[Result "0-1"]
[WhiteElo "1380"]
[BlackElo "1307"]
[Opening "Caro-Kann: classical variation"]
[ECO "B18"]
[Time "16:01:32"]
[TimeControl "2700+45"]

1. e4 c6 2. d4 d5 3. Nc3 dxe4 4. Nxe4 Bf5 5. Ng3 Bg6 6. Nf3 Nd7 7. Bc4 e6 8. Bf4
Qb6 9. Bb3 Ngf6 10. O-O Nd5 11. Qd2 a5 12. a4 Bb4 13. Qc1 O-O 14. Bxd5 cxd5 15.
c3 Be7 16. Ne5 Nxe5 17. Bxe5 Rac8 18. Qd2 h6 19. Rfe1 Bg5 20. Bf4 Bxf4 21. Qxf4
Qxb2 22. Rac1 Rxc3 23. Rxc3 Qxc3 24. Rc1 Qb4 25. Rc7 Qxa4 26. Rxb7 Qd1+ 27. Nf1
Bd3 {White resigns} 0-1